 Dungeon Crawl Stone Soup version 0.27-a0-1200-g94dc6ad4cf (webtiles) character file.

Game seed: 5553620563472570647

86 Shayle the Sneak (level 4, 0/33 HPs)
             Began as a Demonspawn Enchanter on May 31, 2021.
             Slain by a scorpion (4 damage)
             ... on level 3 of the Dungeon.
             The game lasted 00:04:50 (2372 turns).

Shayle the Sneak (Demonspawn Enchanter)             Turns: 2372, Time: 00:04:50

Health: 0/33       AC:  3    Str:  8    XL:     4   Next: 26%
Magic:  6/6        EV: 12    Int: 17    God:
Gold:   131        SH:  0    Dex: 18    Spells: 4/7 levels left

rFire    . . .     SeeInvis +   f - +1 hand axe (elec)
rCold    . . .     Faith    .   (no shield)
rNeg     . . .     Spirit   .   b - +0 robe
rPois    .         Reflect  .   (no helmet)
rElec    .         Harm     .   (no cloak)
rCorr    .         Rampage  .   j - +0 pair of gloves
Will     .....                  (no boots)
Stlth    ++++......             (no amulet)
HPRegen  0.11/turn              k - ring of see invisible
MPRegen  0.20/turn              (no ring)

@: mighty, lethally poisoned (0 -> -2), very slightly contaminated, invisible
A: magic regeneration, sturdy frame 1, thin skeletal structure 1, agile 1, low
mp 1
a: no special abilities


You were on level 3 of the Dungeon.
You visited 1 branch of the dungeon, and saw 3 of its levels.

You collected 131 gold pieces.

Inventory:

Hand Weapons
 a - a +1 dagger
 f - a +1 hand axe of electrocution (weapon)
Missiles
 m - 8 poisoned darts
Armour
 b - a +0 robe (worn)
 j - a +0 pair of gloves (worn)
Jewellery
 k - a ring of see invisible (left hand)
Scrolls
 d - a scroll of vulnerability {unknown}
 i - 2 scrolls of teleportation {unknown}
 n - a scroll of enchant armour {unknown}
Potions
 c - a potion of resistance {unknown}
 e - a potion of ambrosia {unknown}
 g - 2 potions of mutation
 l - a potion of invisibility


   Skills:
 + Level 2.1 Fighting
 - Level 0.8 Short Blades
 + Level 1.8 Armour
 - Level 1.7 Dodging
 + Level 3.6 Stealth
 - Level 2.0 Spellcasting
 - Level 3.0 Hexes


You had 4 spell levels left.
You knew the following spells:

 Your Spells              Type           Power      Damage    Failure   Level
a - Corona                Hex            12%        N/A       5%          1
b - Ensorcelled Hibernat  Hex/Ice        12%        N/A       16%         2

Your spell library contained the following spells:

 Spells                   Type           Power      Damage    Failure   Level
 Confusing Touch          Hex            11%        N/A       17%         3
 Tukima's Dance           Hex            11%        N/A       17%         3
 Dazzling Flash           Conj/Hex       12%        N/A       30%         3


Dungeon Overview and Level Annotations

Branches:
Dungeon (3/15)

Altars:
Gozag


Innate Abilities, Weirdness & Mutations

You regenerate magic rapidly.
Your movements are slightly less encumbered by armour. (ER -2)
You have a somewhat thin skeletal structure. (Dex +2, Stealth+)
You are agile. (Dex +2)
Your magical capacity is low. (-10% MP)


Message History

The worm bites you.
You hit the worm. Lightning courses through the worm!!
You kill the worm!
You now have 129 gold pieces (gained 1).
You now have 130 gold pieces (gained 1).
You now have 131 gold pieces (gained 1).
Found a smoky cyan potion.
n - a scroll labelled YROZEN EWKA An adder comes into view.
A scorpion comes into view.
The scorpion stings you but does no damage.
You see here a smoky cyan potion.
You hit the scorpion but do no damage. The scorpion stings you.
You hit the scorpion.
The scorpion is moderately wounded.
The scorpion completely misses you. The scorpion stings you!
You are poisoned.
The scorpion poisons you!
You hit the scorpion.
The scorpion is heavily wounded.
You feel very sick. The scorpion stings you.
* * * LOW HITPOINT WARNING * * *
The scorpion closely misses you.
You closely miss the scorpion.
The scorpion is heavily wounded.
* * * LOW HITPOINT WARNING * * *
You feel sick. The scorpion barely misses you.
It was a potion of mutation.
You feel extremely strange.
You feel less energetic.
Your bones become slightly less dense.
You feel agile.
You feel sick. The scorpion barely misses you.
It was a potion of invisibility.
You fade into invisibility!
You feel sick. The scorpion closely misses you.
The scorpion completely misses you.
You are very lightly contaminated with residual magic.
It was a potion of might.
You feel very mighty all of a sudden.
You feel sick. The scorpion stings you.
You die...

##############
#............#
#............###
#...............
#.#####.......@s...#
...............([.....
#.######.#######.#.##.
.####.......# #.# #
............###.#####
####...........#..8#
#................_#
###..)........#..8#
..........#####.######


You could see a scorpion.

Vanquished Creatures
  4 gnolls
  An adder (D:2)
  A worm (D:3)
  An endoplasm (D:2)
  2 giant cockroaches
  4 goblins
  3 hobgoblins (D:2)
  2 jackals (D:1)
  3 kobolds
  A quokka (D:3)
  3 ball pythons
  5 bats
  A frilled lizard (D:2)
  5 rats
36 creatures vanquished.

Vanquished Creatures (others)
  A withered plant (D:2)
1 creature vanquished.

Grand Total: 37 creatures vanquished

Notes
Turn   | Place    | Note
-------+----------+-------------------------------------------
     0 | D:1      | Shayle the Demonspawn Enchanter began the quest for the
                  | Orb.
     0 | D:1      | Reached XP level 1. HP: 13/13 MP: 3/3
   821 | D:1      | Gained mutation: Your movements are slightly less
                  | encumbered by armour. (ER -2) [demonic ancestry]
   821 | D:1      | Reached XP level 2. HP: 19/20 MP: 5/5
   824 | D:1      | Learned a level 2 spell: Ensorcelled Hibernation
   877 | D:1      | Reached skill level 1 in Fighting
   877 | D:1      | Reached skill level 1 in Armour
  1368 | D:2      | Found a faded altar of an unknown god.
  1407 | D:2      | Reached XP level 3. HP: 26/26 MP: 6/6
  1659 | D:2      | Gained mutation: You regenerate magic rapidly. [demonic
                  | ancestry]
  1659 | D:2      | Reached XP level 4. HP: 15/33 MP: 7/7
  2299 | D:3      | Found an opulent altar of Gozag.
  2362 | D:3      | Noticed a scorpion
  2370 | D:3      | Gained mutation: Your magical capacity is low. (-10% MP)
                  | [potion of mutation]
  2370 | D:3      | Gained mutation: You have a somewhat thin skeletal
                  | structure. (Dex +2, Stealth+) [potion of mutation]
  2370 | D:3      | Gained mutation: You are agile. (Dex +2) [potion of
                  | mutation]
  2372 | D:3      | Slain by a scorpion

Illustrated notes

Levels and vault maps discovered:
D:1:      tarquinn_simple_flora_water_a, layout_basic
D:2:      layout_rooms, ebering_ecumenical_altar_petrified,
          kennysheep_generic_room_14
D:3:      layout_basic, grunt_gozag_breadcrumbs, nicolae_overflow_hidden_temple

Skill      XL: |  1  2  3  4 |
---------------+-------------+-----
Fighting       | 1 2 |  2.1
Armour         | 1 |  1.8
Stealth        | 3 |  3.6
Short Blades   | |  0.8
Dodging        | |  1.7
Spellcasting   | |  2.0
Hexes          | |  3.0

Action                   |  1- 3 |  4- 6 || total
-------------------------+-------+-------++-------
Melee: Dagger            |    37 |       ||    37
       Hand axe          |    52 |    17 ||    69
  Use: Potion            |       |     3 ||     3
 Stab: Sleeping          |     1 |     4 ||     5
Armor: Robe              |    14 |     3 ||    17
Dodge: Dodged            |    72 |     9 ||    81

Table legend: (Time is in decaauts)
 A = Elapsed time spent in this place.
 B = Non-inter-level travel time spent in this place.
 C = Inter-level travel time spent in this place.
 D = Time resting spent in this place.
 E = Time spent auto-exploring this place.
 F = Levels seen in this place.
 G = Mean time per level.
                   A        B        C        D        E       F      G
               +--------+--------+--------+--------+--------+-----+--------+
         Total |   2390 |   2319 |     71 |    835 |    833 |   3 |  796.7 |
       Dungeon |   2390 |   2319 |     71 |    835 |    833 |   3 |  796.7 |
               +--------+--------+--------+--------+--------+-----+--------+

Top non-repeatable levels by time:
     D:1: 1362 daAuts
     D:2: 788 daAuts
     D:3: 239 daAuts
